 Dungeon Crawl Stone Soup version 0.29.1-1-gd02db6906a (webtiles) character file.

Game seed: 16407456696772528095

5877 Godmorgon the Zephyrmancer (level 10, -3/50 HPs)
             Began as a Tengu Air Elementalist on Oct 15, 2022.
             Was a Follower of Vehumet.
             Killed by their own static electricity (4 damage)
             ... on level 9 of the Dungeon.
             The game lasted 00:38:36 (12054 turns).

Godmorgon the Zephyrmancer (TeAE)                  Turns: 12054, Time: 00:38:36

Health: -3/50      AC:  5    Str:  9    XL:     10   Next: 81%
Magic:  12/22      EV: 29    Int: 31    God:    Vehumet [*.....]
Gold:   0          SH:  0    Dex: 14    Spells: 16/23 levels left

rFire   . . .      SeeInvis .   a - +3 long sword of Hateg {spect, rC+ Int+5}
rCold   + + .      Faith    .   (no shield)
rNeg    . . .      Spirit   .   p - +2 robe {Will+}
rPois   .          Reflect  .   (helmet restricted)
rElec   .          Harm     .   u - +0 cloak
rCorr   .          Rampage  .   (no gloves)
Will    +....                   (boots unavailable)
Stlth   ++........              A - amulet of the acrobat
HPRegen 0.16/turn               f - ring of protection from cold
MPRegen 0.18/turn               y - +6 ring of intelligence

@: acrobatic, flying quickly and evasively, quick
A: beak, talons 3, nimble flight
a: Renounce Religion


You were on level 9 of the Dungeon.
You worshipped Vehumet.
Vehumet was aware of your devotion.
You visited 2 branches of the dungeon, and saw 10 of its levels.

You collected 448 gold pieces.
You spent 448 gold pieces at shops.

Inventory:

Hand Weapons
 a - the +3 long sword of Hateg (weapon) {spect, rC+ Int+5}
   (You took it off a kobold on level 7 of the Dungeon)

   When its wielder attacks, the weapon's spirit leaps out and strikes again.
   The spirit shares a part of any damage it takes with its wielder.
   Int:       It affects your intelligence (+5).
   rC:        It protects you from cold.
 F - a +5 long sword
Missiles
 h - 22 poisoned darts
Armour
 p - a +2 robe of willpower (worn)
 u - a +0 cloak (worn)
Jewellery
 f - a ring of protection from cold (left hand)
 y - a +6 ring of intelligence (right hand)
 A - an amulet of the acrobat (around neck)
Wands
 t - a wand of mindburst (14) (quivered)
 E - a wand of paralysis (8)
 G - a wand of iceblast (8)
Scrolls
 g - 3 scrolls of teleportation
 i - 2 scrolls of poison {unknown}
 k - a scroll of vulnerability {unknown}
 m - 4 scrolls of fog
 o - 3 scrolls of enchant armour
 q - a scroll of blinking {unknown}
 s - a scroll of magic mapping {unknown}
 v - 3 scrolls of amnesia
 w - 3 scrolls of enchant weapon
 x - 2 scrolls of silence
 C - a scroll of brand weapon {unknown}
 D - a scroll of immolation {unknown}
Potions
 b - 2 potions of magic
 c - 3 potions of attraction
 d - 3 potions of mutation
 e - 6 potions of lignification
 j - 3 potions of curing
 l - a potion of cancellation {unknown}
 n - a potion of heal wounds {unknown}
 r - a potion of brilliance {unknown}
 z - 3 potions of haste {unknown}
 B - a potion of degeneration {unknown}


   Skills:
 + Level 2.9 Long Blades
 - Level 2.1 Dodging
 - Level 2.0 Stealth
 + Level 7.4 Spellcasting
 + Level 10.3 Conjurations
 * Level 14.7 Air Magic


You had 16 spell levels left.
You knew the following spells:

 Your Spells              Type           Power      Damage    Failure   Level
a - Airstrike             Air            40%        2d(6-22)  1%          4
d - Static Discharge      Conj/Air       73%        3-13/arc  1%          2
s - Shock                 Conj/Air       100%       1d9       1%          1

Your spell library contained the following spells:

 Spells                   Type           Power      Damage    Failure   Level
 Sandblast                Erth           22%        2d7       4%          1
 Stone Arrow              Conj/Erth      86%        3d12      1%          3
 Swiftness                Air            80%        N/A       1%          3
 Necrotise                Necr           44%        1d6       4%          1
 Call Canine Familiar     Summ           11%        N/A       13%         3
 Portal Projectile        Hex/Tloc       22%        N/A       13%         3
 Vampiric Draining        Necr           11%        2d6       13%         3
 Fireball                 Conj/Fire      21%        3d10      14%         5
 Animate Armour           Summ/Erth      22%        N/A       38%         4
 Leda's Liquefaction      Hex/Erth       5%         N/A       38%         4
 Starburst                Conj/Fire      21%        6d7       61%         6
 Agony                    Necr           11%        N/A       75%         5
 Ignition                 Fire           5%         3d4       100%        8
 Lehudib's Crystal Spear  Conj/Erth      21%        10d6      100%        8


Dungeon Overview and Level Annotations

Branches:
Dungeon (8/15)             Temple (1/1) D:5
   Lair: D:8-11

Altars:
Ashenzari
Cheibriados
Dithmenos
Elyvilon
Gozag
Hepliaklqana
Kikubaaqudgha
Makhleb
Nemelex Xobeh
Okawaru
Qazlal
Ru
Sif Muna
Trog
Uskayaw
Vehumet
Wu Jian
Xom
Yredelemnul
The Shining One

Shops:
D:6 ?   D:7 =   D:8 ?

Annotations:
D:7 1 runed translucent door, Crazy Yiuf


Innate Abilities, Weirdness & Mutations

You have a beak for a mouth.
You have claws for feet.
Your magical nature lets you fly swiftly and evasively.


Message History

The yak is heavily wounded.
You hear an angry buzzing noise.
You hear a shout!
You hear an angry hiss.
You hear a shout!
You hear an angry buzzing noise. x3
Casting: Airstrike (safe; 1% risk of failure)
Confirm with . or Enter, or press ? or * to list all spells.
The yak is struck by an arc of lightning!
The yak is almost dead.
You are struck by an arc of lightning.
* * * LOW HITPOINT WARNING * * *
The yak is struck by an arc of lightning!
You kill the yak!
Vehumet accepts your kill.
You are struck by an arc of lightning.
* * * LOW HITPOINT WARNING * * *
A kobold comes into view.
It is wielding a +0 dagger and quivering poisoned darts.
Found a yellow potion.
You see here a yellow potion.
You start resting.
A kobold is nearby!
You hit the kobold.
You kill the kobold!
Vehumet accepts your kill.
You start resting.
A black bear comes into view.
Casting: Static Discharge (safe; 1% risk of failure)
Confirm with . or Enter, or press ? or * to list all spells.
The black bear is struck by an arc of lightning!
The black bear growls angrily.
The black bear is moderately wounded.
You are struck by an arc of lightning.
* * * LOW HITPOINT WARNING * * *
The black bear is struck by an arc of lightning.
The black bear is heavily wounded.
You are struck by an arc of lightning.
* * * LOW HITPOINT WARNING * * *
The black bear is struck by an arc of lightning!
You kill the black bear!
Vehumet accepts your kill.
You are struck by an arc of lightning.
You die...

♣♣♣ ♣♣♣@♣
♣.)♣####+###
♣.♣♣......K.. ♣
♣..........
.............
#.############.


There were no monsters in sight!

Vanquished Creatures
  A two-headed ogre (D:8)
  Pikel (D:7)
  A komodo dragon (D:9)
  A shadow (D:9)
  2 wyverns
  A yak (D:9)
  A steam dragon (D:5)
  6 black bears
  3 ice beasts
  An orc warrior (D:9)
  2 ogres
  3 lemures (D:7)
  3 centaurs
  3 phantoms (D:5)
  A bullfrog (D:9)
  A kobold brigand (D:7)
  2 necrophages
  A wyvern zombie (D:6)
  3 scorpions
  A water moccasin zombie (D:6)
  5 wights (D:7)
  8 killer bees
  A howler monkey (D:9)
  A centaur zombie (D:6)
  2 bullfrog zombies (D:6)
  4 crimson imps (D:7)
  3 orc priests
  4 hounds
  A jelly (D:6)
  Ijyb (D:5)
  Natasha (thrice) (D:4)
  3 iguanas
  11 orc wizards
  A howler monkey zombie (D:6)
  6 gnolls
  8 adders
  3 white imps
  2 ufetubi (D:5)
  A worm (D:3)
  2 dart slugs
  31 orcs
  9 ball pythons
  8 endoplasms
  A giant cockroach (D:1)
  6 hobgoblins
  10 kobolds
  2 quokkas (D:1)
  7 bats
  4 frilled lizards
  7 goblins
  4 rats
  A spectral kobold (D:5)
198 creatures vanquished.

Vanquished Creatures (others)
  61 fungi (D:9)
  51 plants (D:9)
112 creatures vanquished.

Grand Total: 310 creatures vanquished

Notes
Turn   | Place    | Note
-------+----------+-------------------------------------------
     0 | D:1      | Godmorgon the Tengu Air Elementalist began the quest for
                  | the Orb.
     0 | D:1      | Reached XP level 1. HP: 10/10 MP: 4/4
   170 | D:1      | Reached XP level 2. HP: 15/15 MP: 0/6
   173 | D:1      | Learned a level 2 spell: Static Discharge
   531 | D:1      | Reached XP level 3. HP: 19/19 MP: 5/7
  1092 | D:2      | Reached skill level 5 in Air Magic
  2109 | D:3      | Reached XP level 4. HP: 24/24 MP: 4/8
  2729 | D:3      | Noticed a black bear
  2735 | D:3      | Killed a black bear
  2736 | D:3      | Reached skill level 6 in Air Magic
  2736 | D:3      | Gained mutation: Your magical nature lets you fly swiftly
                  | and evasively. [Tengu growth]
  2736 | D:3      | Reached XP level 5. HP: 15/28 MP: 2/10
  2928 | D:3      | Learned a level 4 spell: Airstrike
  3471 | D:4      | Reached XP level 6. HP: 26/32 MP: 2/12
  3572 | D:4      | Reached skill level 7 in Air Magic
  4611 | D:4      | Found a sparkling altar of Nemelex Xobeh.
  4645 | D:4      | Noticed Natasha
  4665 | D:4      | Reached XP level 7. HP: 33/36 MP: 6/13
  4672 | D:4      | Killed Natasha
  5050 | D:4      | Noticed Natasha
  5067 | D:4      | Reached skill level 5 in Conjurations
  5067 | D:4      | Reached skill level 8 in Air Magic
  5298 | D:4      | Killed Natasha
  5650 | D:4      | Noticed Natasha
  5652 | D:4      | Killed Natasha
  5730 | D:5      | Entered Level 5 of the Dungeon
  5737 | D:5      | Noticed Ijyb
  5747 | D:5      | Killed Ijyb
  6104 | D:5      | Noticed a steam dragon
  6141 | D:5      | Reached skill level 9 in Air Magic
  6141 | D:5      | Reached XP level 8. HP: 29/41 MP: 6/15
  6405 | D:5      | Found a staircase to the Ecumenical Temple.
  6416 | Temple   | Entered the Ecumenical Temple
  6727 | D:5      | Reached skill level 10 in Air Magic
  6918 | D:5      | Reached skill level 5 in Spellcasting
  7013 | D:5      | Found a shadowy altar of Dithmenos.
  7228 | D:5      | Found a hazy altar of Hepliaklqana.
  7366 | D:5      | Reached skill level 11 in Air Magic
  7366 | D:5      | Reached XP level 9. HP: 33/45 MP: 8/18
  7891 | D:6      | Found a basalt altar of Yredelemnul.
  8402 | D:6      | Reached skill level 12 in Air Magic
  9553 | D:6      | Found Ehadar's Magic Scroll Shoppe.
  9568 | D:6      | Bought a scroll of fog for 56 gold pieces
  9568 | D:6      | Bought a scroll of silence for 133 gold pieces
  9568 | D:6      | Bought a scroll of identify for 28 gold pieces
  9568 | D:6      | Bought a scroll of enchant weapon for 105 gold pieces
  9568 | D:6      | Bought a scroll of teleportation for 42 gold pieces
  9789 | D:7      | Found a radiant altar of Vehumet.
  9790 | D:7      | Found an ancient bone altar of Kikubaaqudgha.
  9793 | D:7      | Became a worshipper of Vehumet
 10027 | D:7      | Noticed Pikel
 10207 | D:7      | Killed Pikel
 10208 | D:7      | Reached skill level 13 in Air Magic
 10208 | D:7      | Reached XP level 10. HP: 50/50 MP: 4/20
 10727 | D:7      | Found Ruajurio's Jewellery Shoppe.
 10818 | D:7      | Identified the +3 long sword of Hateg {spect, rC+ Int+5}
 10929 | D:7      | Found a shimmering altar of Xom.
 11275 | D:7      | Found a runed translucent door.
 11276 | D:7      | Noticed Crazy Yiuf
 11350 | D:7      | Found a sacrificial altar of Ru.
 11582 | D:8      | Reached skill level 1 in Long Blades
 11606 | D:8      | Found Aguonko's Magic Scroll Shoppe.
 11615 | D:8      | Bought a scroll of amnesia for 56 gold pieces
 11615 | D:8      | Bought a scroll of identify for 28 gold pieces
 11638 | D:8      | Noticed a two-headed ogre
 11667 | D:8      | Killed a two-headed ogre
 11668 | D:8      | Reached skill level 14 in Air Magic
 11750 | D:8      | You are sucked into a shaft and drop 1 floor!
 11789 | D:9      | Reached skill level 10 in Conjurations
 11983 | D:9      | Reached * piety under Vehumet
 11983 | D:9      | Offered knowledge of Sandblast by Vehumet.
 12016 | D:9      | HP: 2/50 [/static electricity (2)]
 12054 | D:9      | HP: 1/50 [/static electricity (3)]
 12054 | D:9      | Killed from afar by themself

Illustrated notes

Levels and vault maps discovered:
D:1:      dpeg_arrival_tiny_a, layout_basic, grunt_decor_junction
D:2:      layout_loops_corners, chequers_serial_rivers_small_3
D:3:      layout_loops_ring
D:4:      layout_cave_pods, nemelex_dance_club_becter,
          kennysheep_generic_room_14, uniq_natasha
D:5:      layout_loops_ring, nicolae_dithmenos_shadow_blocks,
          nicolae_hepliaklqana_monster_ancestors, minmay_temple_entry_fiery,
          uniq_ijyb
D:6:      layout_basic, nicolae_yredelemnul_corpse_copse, serial_shops,
          nicolae_shop_hallway_plus
D:7:      layout_basic, nicolae_ru_path_of_blood, led_xom_imps,
          mainiacjoe_overflow_divided_tiny, nicolae_take_the_stairs, uniq_pikel,
          uniq_crazy_yiuf_cottage
D:8:      layout_loops_cross, serial_shops, shop_fountains
D:9:      wad_woods_minihive, layout_grid_maze, due_lair_maze_entry_diamond,
          minmay_alternating_orb, uniq_erolcha
Temple:   nicolae_temple_x_marks_the_god

Skill      XL: |  1  2  3  4  5  6  7  8  9 10 |
---------------+-------------------------------+-----
Conjurations   | 2 3 4 5 7 9 10 | 10.3
Air Magic      | 5 6 7 9 11 13 14 | 14.7
Spellcasting   | 3 4 5 6 7 |  7.4
Long Blades    | 2 |  2.9
Dodging        | |  2.1
Stealth        | |  2.0

Action                   |  1- 3 |  4- 6 |  7- 9 | 10-12 || total
-------------------------+-------+-------+-------+-------++-------
Melee: Dagger            |     9 |       |     1 |       ||    10
       Peck              |     2 |       |       |     7 ||     9
       Kick              |     1 |       |       |    10 ||    11
       Long sword        |       |       |       |    24 ||    24
 Cast: Shock             |    66 |    12 |    35 |     3 ||   116
       Static Discharge  |     6 |    44 |    58 |     7 ||   115
       Airstrike         |       |       |    44 |    35 ||    79
Evoke: Wand              |       |       |     2 |       ||     2
  Use: Scroll            |       |       |     6 |     3 ||     9
       Potion            |       |       |     1 |     3 ||     4
Armor: Robe              |     1 |     6 |     7 |     6 ||    20
Dodge: Dodged            |     6 |    15 |    30 |    14 ||    65
